 Dungeon Crawl Stone Soup version 0.31.0-4-g52a2dc7128 (webtiles) character file.

Game seed: 18201143231044061799

160 ymhsbmbesitwf the Trooper (level 5, -6/47 HPs)
             Began as a Ghoul Monk on Jan 21, 2024.
             Mangled by an ogre
             ... wielding a +0 giant club
              (13 damage)
             ... on level 4 of the Dungeon.
             The game lasted 00:07:22 (3221 turns).

ymhsbmbesitwf the Trooper (Ghoul Monk)              Turns: 3221, Time: 00:07:22

Health: -6/47      AC:  8    Str: 15    XL:     5   Next: 41%
Magic:  5/5        EV:  8    Int:  9    God:
Gold:   206        SH:  0    Dex: 13    Spells: 4/4 levels left

rFire   + . .        b - +0 rapier
rCold   + . .        d - orb {light}
rNeg    + + +        i - +0 chain mail
rPois   ∞            (no helmet)
rElec   .            (no cloak)
rCorr   .            (no gloves)
SInv    .            (no boots)
Will    .....        (no amulet) Stlth
                     l - ring of protection from fire
HPRegen 0.00/turn    (no ring)
MPRegen 0.09/turn

%: no passive effects
@: about to teleport, inhibited regen, glowing
A: claws 1, cold resistance 1, negative energy resistance 3, inhibited
regeneration, torment resistance 2, devour on kill
a: no special abilities


You were on level 4 of the Dungeon.
You visited 1 branch of the dungeon, and saw 4 of its levels.

You collected 206 gold pieces.

Inventory:

Hand Weapons
 b - a +0 rapier (weapon)
 j - the +6 hand axe of Quantum Leap {protect, rElec Will+++ Int-3}
   (You found it on level 2 of the Dungeon)

   Int-3:     It affects your intelligence (-3).
   rElec:     It insulates you from electricity.
   Will+++:   It greatly increases your willpower.
Missiles
 g - a throwing net (quivered)
Armour
 d - an orb of light (worn)
 i - a +0 chain mail (worn)
Jewellery
 l - a ring of protection from fire (left claw)
Scrolls
 e - 3 scrolls of identify {unknown}
 h - 3 scrolls of blinking {unknown}
 m - a scroll of enchant weapon {unknown}
 o - a scroll of noise {unknown}
 q - a scroll of fog {unknown}
Potions
 a - a potion of heal wounds {unknown}
 c - a potion of ambrosia
 f - a potion of degeneration {unknown}
 k - a potion of mutation {unknown}
 n - a potion of might {unknown}
 p - a potion of magic {unknown}
 s - a potion of attraction {unknown}


   Skills:
 + Level 4.3 Fighting
 * Level 3.8 Short Blades
 + Level 1.5 Armour
 - Level 3.0 Dodging
 * Level 2.2 Stealth


You had 4 spell levels left.
You didn't know any spells.
Your spell library was empty.

Dungeon Overview and Level Annotations

Branches:
Dungeon (4/15)
 Temple: D:4-7

Altars:
Yredelemnul

Shops:
D:2 [


Innate Abilities, Weirdness & Mutations

You are immune to poison.
You have sharp fingernails.
Your flesh is cold resistant. (rC+)
You are immune to negative energy. (rN+++)
You do not regenerate when monsters are visible.
You are immune to unholy pain and torment.
You thrive by killing the living.


Message History

Natasha is almost dead.
Natasha claws you but does no damage.
You barely miss Natasha.
Natasha is almost dead.
Natasha stares at you and mumbles some strange words.
You resist with some effort.
You closely miss Natasha.
Natasha is almost dead.
Natasha stares at you and mumbles some strange words.
You feel yourself slow down.
You hit Natasha.
You kill Natasha!
You feel Natasha's spirit has finally been put to rest.
No target in view!
No target in view!
You see here the felid corpse of Natasha.
Found a club.
You feel yourself speed up.
There is a stone staircase leading up here.
You see here a +0 rapier.
You now have 206 gold pieces (gained 10).
Done exploring.
Search for what [Enter for "."]? .
There is a stone staircase leading down here.
You climb downwards.
The ogre shouts!
There is a stone staircase leading up here.
You hit the ogre.
The ogre is lightly wounded.
The ogre hits you with a +0 giant club!!
You hit the ogre.
The ogre is lightly wounded.
You hit the ogre.
The ogre is moderately wounded.
The ogre hits you with a +0 giant club!!
* * * LOW HITPOINT WARNING * * *
As you read the scroll labelled GUITRE QOUXTUN, it crumbles to dust.
You feel strangely unstable.
It was a scroll of teleportation.
The ogre hits you with a +0 giant club!
You die...

.. .# .#
.# .# .#
##.#
#@.#
#....O##
#.#....
###..#
#..#
#..#
#..#
#..#


You could see an ogre.

Vanquished Creatures
  Natasha (thrice) (D:3)
  4 adders
  A dart slug (D:1)
  2 ribbon worms (D:3)
  2 giant cockroaches (D:1)
  2 goblins
  3 hobgoblins
  2 jackals (D:1)
  4 quokkas
  3 ball pythons
  4 bats
  4 frilled lizards
  6 kobolds
  7 rats
47 creatures vanquished.

Notes
Turn   | Place    | Note
-------+----------+-------------------------------------------
     0 | D:1      | ymhsbmbesitwf the Ghoul Monk began the quest for the Orb.
     0 | D:1      | Reached XP level 1. HP: 19/19 MP: 1/1
   271 | D:1      | Reached XP level 2. HP: 24/26 MP: 2/2
   768 | D:1      | Reached XP level 3. HP: 33/33 MP: 3/3
  1217 | D:2      | Identified the +6 hand axe of Quantum Leap {protect, rElec
                  | Will+++ Int-3}
  1350 | D:2      | Found Kuwis's Armour Shoppe.
  1358 | D:2      | Reached skill level 1 in Stealth
  1478 | D:2      | Reached skill level 1 in Armour
  1478 | D:2      | Reached XP level 4. HP: 39/40 MP: 4/4
  1479 | D:2      | Reached skill level 4 in Fighting
  1912 | D:2      | Found a faded altar of an unknown god.
  2381 | D:3      | Found a basalt altar of Yredelemnul.
  2384 | D:3      | Noticed Natasha
  2391 | D:3      | Killed Natasha
  2650 | D:3      | Noticed Natasha
  2670 | D:3      | Killed Natasha
  2671 | D:3      | Reached XP level 5. HP: 21/46 MP: 5/5
  3001 | D:3      | Noticed Natasha
  3010 | D:3      | Killed Natasha
  3216 | D:4      | Noticed an ogre
  3221 | D:4      | Mangled by an ogre

Illustrated notes

Levels and vault maps discovered:
D:1:      onia_arrival_mini_maze, layout_basic, nicolae_figureground_sparkle
D:2:      layout_basic, serial_shops, nicolae_shop_just_a_little_nook,
          ebering_ecumenical_altar_webs
D:3:      layout_basic, mainiacjoe_overflow_cross_hatched, uniq_natasha
D:4:      layout_basic, minmay_fire_ice_demons

Skill      XL: |  1  2  3  4  5 |
---------------+----------------+-----
Short Blades   | 3 |  3.8
Stealth        | 1 2 |  2.2
Dodging        | 3 |  3.0
Armour         | 1 |  1.5
Fighting       | 4 |  4.3

Action                     |  1- 3 |  4- 6 || total
---------------------------+-------+-------++-------
  Melee: Short sword       |    62 |       ||    62
         Rapier            |    28 |    87 ||   115
    Use: Scroll            |       |     1 ||     1
 Armour: Robe              |     5 |       ||     5
         Leather armour    |    18 |       ||    18
         Chain mail        |    18 |    68 ||    86
  Dodge: Dodged            |    39 |    21 ||    60
